 Dungeon Crawl Stone Soup version 0.14-a0-1444-g21dc12d (webtiles) character file.

716 Deemzul the Chopper (level 7, 0/49 HPs)
             Began as a Formicid Fighter on Dec 13, 2013.
             Succumbed to a scorpion's poison
             ... on Level 9 of the Dungeon.
             The game lasted 00:10:36 (3742 turns).

Deemzul the Chopper (Formicid Fighter)              Turns: 3742, Time: 00:10:36

HP   0/49        AC  8     Str 25 (26) XL: 7   Next: 68%
MP   7/7         EV  7     Int  7      God:
Gold 215         SH 19     Dex 10      Spells:  1 memorised,  3 levels left

rFire  . . .     SeeInvis +     e - +2,+3 dwarf hand axe
rCold  + . .     Clarity  .     w - +1 orc scale mail {rC+}
rNeg   . . .     Conserve .     s - +0 shield
rPois  x         rCorr    .     (helmet unavailable)
rElec  .         rRot     .     (no cloak)
SustAb . .       Spirit   .     (no gloves)
rMut   .         Warding  .     (no boots)
Saprov . . .     Stasis   +     (no amulet)
                                (no ring)
                                g - +3 ring of strength

@: quite poisoned, slightly resistant to hostile enchantments, extremely
unstealthy
A: permanent stasis, dig shafts and tunnels, four strong arms, poison weakness,
antennae 3, exoskeleton 1
a: Dig, Shaft Self


You were on level 9 of the Dungeon.
You were very hungry.

You visited 1 branch of the dungeon, and saw 7 of its levels.

You collected 215 gold pieces.

Inventory:

Hand weapons
 e - a +2,+3 dwarven hand axe (weapon)
Armour
 s - a +0 shield (worn)
 w - a +1 orcish scale mail of cold resistance (worn)
Magical devices
 C - a wand of confusion (9) {unknown}
Comestibles
 b - a meat ration
 d - 3 bread rations
 f - 6 sultanas
 l - a chunk of orc flesh
 q - a pear
 r - 3 apples
 z - a choko
Scrolls
 a - 3 scrolls of curse armour {unknown}
 c - 2 scrolls of recharging {unknown}
 h - 3 scrolls of curse weapon {unknown}
 i - 2 scrolls of fog {unknown}
 j - 8 scrolls of remove curse {unknown}
 k - 2 scrolls of fear {unknown}
 m - a scroll of blinking {unknown}
 n - 2 scrolls of amnesia {unknown}
 p - a scroll of enchant weapon II {unknown}
 t - 3 scrolls of identify {unknown}
 u - 2 scrolls of teleportation {unknown}
 v - a scroll of enchant weapon I {unknown}
 A - a scroll of random uselessness {unknown}
 B - a scroll of curse jewellery {unknown}
Jewellery
 g - a +3 ring of strength (left hand)
 x - an uncursed ring of see invisible
Books
 o - a book of Dreams

   Spells                             Type                      Level
   Ensorcelled Hibernation            Hexes/Ice                    2
   Flight                             Charms/Air                   3
   Phase Shift                        Translocation                5
   Shadow Creatures                   Summoning                    5
   Mass Confusion                     Hexes                        6
   Darkness                           Hexes                        7


   Skills:
 + Level 5.3 Fighting
 * Level 6.1 Axes
 - Level 3.6 Armour
 - Level 3.0 Shields


You had 3 spell levels left.
You knew the following spells:

 Your Spells              Type           Power        Failure   Level  Hunger
a - Passwall              Trmt/Erth      #.........   100%        3    ####...


Dungeon Overview and Level Annotations

Branches:
Dungeon (9/16)
 Temple: D:4-7          Orc: D:9-12        Lair: D:8-11

Altars:
Nemelex Xobeh

Shops:
D:5 }


Innate Abilities, Weirdness & Mutations

Your are under a permanent stasis effect.
You can dig through walls and to a lower floor.
Your four strong arms can wield any weapon, most with a shield.
You are susceptible to poison.
You have a pair of large antennae on your head (SInv).
Your body is surrounded by an exoskeleton. (HP +5, AC +1)


Message History

You found a teleport trap!
* * * LOW HITPOINT WARNING * * *
You feel sick.
You enter a teleport trap!
* * * LOW HITPOINT WARNING * * *
You feel sick.
There is a teleport trap here.
* * * LOW HITPOINT WARNING * * *
You feel sick.
Found a stone staircase leading up.
A wight comes into view. It is wielding a mace.
* * * LOW HITPOINT WARNING * * *
You feel sick.
A troll zombie comes into view.
* * * LOW HITPOINT WARNING * * *
You feel sick.
* * * LOW HITPOINT WARNING * * *
You feel sick.
You feel a little better.
You die...

#...........
#.########.#
#.# #.# #.#
#.# #.# #^#
#@# #.# #.#
#.# #.# ...
... #.z..
#.<..


You could see a wight.

Vanquished Creatures
  Sigmund (D:3)
  An orc wizard (D:5)
  A water moccasin zombie (D:5)
  An iguana (D:4)
  A black bear skeleton (D:5)
  2 worker ants (D:4)
  A scorpion (D:5)
  Terence (D:3)
  4 gnolls (D:3)
  6 adders
  A giant mite (D:4)
  3 worms
  A giant eyeball (D:4)
  4 giant geckos
  9 orcs
  9 bats
  A bat skeleton (D:4)
  5 giant cockroaches
  11 hobgoblins
  6 jackals
  3 quokkas
  4 ball pythons
  5 giant newts
  7 goblins
  11 kobolds
  A kobold zombie (D:5)
  8 rats
108 creatures vanquished.

Notes
Turn   | Place    | Note
--------------------------------------------------------------
     0 | D:1      | Deemzul, the Formicid Fighter, began the quest for the Orb.
     0 | D:1      | Reached XP level 1. HP: 19/19 MP: 1/1
    69 | D:1      | Reached XP level 2. HP: 24/24 MP: 2/2
   550 | D:1      | Reached XP level 3. HP: 28/28 MP: 3/3
  1026 | D:1      | HP: 1/28 [poisoned by an adder]
  1227 | D:2      | Reached XP level 4. HP: 8/33 MP: 4/4
  1843 | D:2      | Reached XP level 5. HP: 35/38 MP: 5/5
  2085 | D:3      | Noticed Terence
  2093 | D:3      | Killed Terence
  2093 | D:3      | Reached skill level 4 in Fighting
  2196 | D:3      | Reached XP level 6. HP: 29/43 MP: 6/6
  2325 | D:3      | Noticed Sigmund
  2336 | D:3      | Killed Sigmund
  2336 | D:3      | Reached skill level 5 in Axes
  2430 | D:3      | Found a sparkling altar of Nemelex Xobeh.
  2725 | D:4      | Reached XP level 7. HP: 23/49 MP: 7/7
  3179 | D:4      | Reached skill level 5 in Fighting
  3462 | D:5      | Entered Level 5 of the Dungeon
  3532 | D:5      | Found Utyaq's Gadget Emporium.
  3552 | D:5      | Reached skill level 6 in Axes
  3575 | D:5      | Learned a level 3 spell: Passwall
  3726 | D:5      | You fall through a shaft!
  3729 | D:6      | You fall through a shaft for 3 floors!
  3739 | D:9      | HP: 2/49 [poisoned by a scorpion]
  3742 | D:9      | Succumbed to a scorpion's poison

Action                   |  1- 3 |  4- 6 |  7- 9 || total
-------------------------+-------+-------+-------++-------
Melee: Hand axe          |    77 |   167 |   106 ||   350
 Abil: Shaft Self        |       |       |     2 ||     2
  Use: Potion            |       |     4 |     2 ||     6
